 Dungeon Crawl Stone Soup version 0.31-a0-1163-gcee99d1eea (webtiles) character file.

Game seed: 7891579078271010727

630 James the Ruffian (level 7, -5/46 HPs)
             Began as an Octopode Shapeshifter on Dec 9, 2023.
             Splashed by a jelly's acid (8 damage)
             ... on level 5 of the Dungeon.
             The game lasted 00:07:09 (3479 turns).

James the Ruffian (Octopode Shapeshifter)           Turns: 3479, Time: 00:07:10

Health: -5/46      AC: -11   Str: 15    XL:     7   Next: 48%
Magic:  16/16      EV: 13    Int: 13    God:
Gold:   184        SH:  0    Dex: 11    Spells: 6/6 levels left

rFire   . .          .
                       - Unarmed
rCold   . . .        (no shield)
rNeg    . . .        (helmet currently unavailable)
rPois   .            (no amulet)
rElec   .            m - ring of magical power
rCorr   .            (no ring)
SInv    .            (no ring)
Will    .....        (no ring)
Stlth   ++           (no ring)
HPRegen 0.27/turn    (no ring)
MPRegen 0.15/turn    (no ring)
                     (no ring)

%: no passive effects
@: beast-form, corroded, studying Long Blades
A: beast (slay +2), almost no armour, amphibious, 8 rings, camouflage 1,
gelatinous body 1, (nimble swimmer 1), tentacles
a: Begin Untransformation


You were on level 5 of the Dungeon.
You were a hulking beast.
You visited 1 branch of the dungeon, and saw 5 of its levels.

You collected 288 gold pieces.
You spent 104 gold pieces at shops.

Inventory:

Missiles
 d - 61 stones
 e - 2 javelins (quivered)
 q - a throwing net {!f}
 w - 6 boomerangs
Magical Staves
 o - a staff of cold
   (You found it on level 4 of the Dungeon)
Jewellery
 m - a ring of magical power (left tentacle)
   (You found it on level 2 of the Dungeon)
Talismans
 b - a beast talisman
 c - a flux talisman
Wands
 r - a wand of light (11)
   (You found it on level 5 of the Dungeon)
 t - a wand of flame (18)
   (You found it on level 3 of the Dungeon)
Scrolls
 f - 3 scrolls of enchant weapon
 g - 4 scrolls of teleportation {@r4}
 i - 2 scrolls of blinking
Potions
 a - 4 potions of lignification {!q}
 h - 2 potions of curing {@q1}
 j - 2 potions of resistance
 k - 2 potions of ambrosia
 l - a potion of haste {unknown}
 n - a potion of invisibility {unknown}
 p - a potion of mutation {unknown}


   Skills:
 - Level 3.0 Fighting
 - Level 3.0 Dodging
 + Level 6.1 Unarmed Combat
 - Level 5.0 Shapeshifting


You had 6 spell levels left.
You didn't know any spells.
Your spell library contained the following spells:

 Spells                   Type           Power      Damage    Failure   Level
 Haunt                    Necr/Summ      0%         N/A       100%        7
 Borgnjor's Revivificati  Necr           0%         N/A       100%        8
 Death's Door             Necr           0%         N/A       100%        9


Dungeon Overview and Level Annotations

Branches:
Dungeon (5/15)
 Temple: D:4-7

Altars:
Cheibriados
Fedhas
Kikubaaqudgha
Makhleb
Qazlal
Vehumet
The Shining One

Shops:
D:1 [   D:2 !


Innate Abilities, Weirdness & Mutations

You are a hulking beast.
Your limbs bulge with bestial killing power. (Slay +2)
You cannot wear most types of armour.
You are amphibious.
You can wear up to eight rings at the same time.
Your skin changes colour to match your surroundings (Stealth+).
Your rubbery body absorbs attacks. (AC +1, EV +1)
((You are camouflaged when in or above water. (Stealth+)))
You have tentacles for arms and can constrict up to eight enemies at once.


Message History

Found 7 stones.
The adder hisses angrily.
An adder comes into view.
The adder barely misses you.
You tentacle-slap the adder but do no damage.
You grab the adder. Your squeeze misses the adder. You constrict the adder.
The adder closely misses you.
You tentacle-slap the adder but do no damage.
You squeeze the adder! You constrict the adder.
You kill the adder!
The adder closely misses you.
You tentacle-slap the adder. You grab the adder. You squeeze the adder.
You constrict the adder. The adder bites you.
You tentacle-slap the adder but do no damage.
You squeeze the adder.
You kill the adder!
No target in view!
No target in view!
d - 61 stones (gained 7)
Found a flail.
Found 6 gold pieces.
Found a stone staircase leading down.
You now have 184 gold pieces (gained 6).
You open the door.
There is an open door here.
Found a stone staircase leading down.
A jelly comes into view.
A jelly is nearby!
The jelly quivers.
The jelly hits you. The acid corrodes you!
You are splashed with acid!
You bludgeon the jelly!
Your tentacles burn!
The jelly hits you. The acid corrodes you!
You are splashed with acid!
* * * LOW HITPOINT WARNING * * *
You tentacle-slap the jelly.
Your tentacles burn!
* * * LOW HITPOINT WARNING * * *
The jelly hits you.
* * * LOW HITPOINT WARNING * * *
The acid corrodes you!
You are splashed with acid!
* * * LOW HITPOINT WARNING * * *
You tentacle-slap the jelly but do no damage.
Your tentacles burn!
* * * LOW HITPOINT WARNING * * *
The jelly barely misses you.
You tentacle-slap the jelly but do no damage.
The acid corrodes you!
Your tentacles burn!
* * * LOW HITPOINT WARNING * * *
You squeeze the jelly. The jelly hits you.
* * * LOW HITPOINT WARNING * * *
You are splashed with acid!
You die...

#..........# #.#
##.#######.## #.# #.#
#...... #.# #.#
#.##.## ... #.# #.##.#
#.# #.# #.##.## #.#
#.####.##.#. #J#
#.#....##.#.
#h#####.#....##.#.
#.#.....+....+....
#.#.###.#....##.#.
#..>............#.
###.#.#.#.##.####.
######.#.#.#.##.## #.
..............##..###.
....###.#.#...###...#.
.. #.#.#...# ##....


You could see a jelly.

Vanquished Creatures
  Eustachio (D:5)
  A water moccasin (D:5)
  A black bear (D:5)
  A wight (D:5)
  A jelly (D:5)
  A hound (D:5)
  An iguana (D:4)
  An orc wizard (D:4)
  5 adders
  2 worms (D:3)
  A dart slug (D:3)
  10 orcs
  5 ball pythons
  8 endoplasms
  2 giant cockroaches
  5 goblins
  6 hobgoblins
  9 jackals
  7 kobolds
  3 bats
  3 frilled lizards
  8 rats
82 creatures vanquished.

Notes
Turn   | Place    | Note
-------+----------+-------------------------------------------
     0 | D:1      | James the Octopode Shapeshifter began the quest for the
                  | Orb.
     0 | D:1      | Reached XP level 1. HP: 13/13 MP: 1/1
    83 | D:1      | Reached XP level 2. HP: 16/18 MP: 2/2
   304 | D:1      | Found Qerucuat's Armour Boutique.
   312 | D:1      | Reached skill level 4 in Unarmed Combat
   422 | D:1      | Reached XP level 3. HP: 23/23 MP: 3/3
   656 | D:1      | Found a faded altar of an unknown god.
   803 | D:2      | Found Umonus's Distillery.
  1275 | D:2      | Reached XP level 4. HP: 27/28 MP: 4/4
  1443 | D:2      | Bought a potion of curing for 39 gold pieces
  1443 | D:2      | Bought a potion of heal wounds for 65 gold pieces
  1536 | D:3      | Reached skill level 5 in Unarmed Combat
  1609 | D:3      | Found a stormy altar of Qazlal.
  1616 | D:3      | Found a snail-covered altar of Cheibriados.
  1625 | D:3      | Found an ancient bone altar of Kikubaaqudgha.
  1632 | D:3      | Found a radiant altar of Vehumet.
  1637 | D:3      | Found a blossoming altar of Fedhas.
  1644 | D:3      | Found a burning altar of Makhleb.
  1649 | D:3      | Found a glowing golden altar of the Shining One.
  2219 | D:4      | Reached XP level 5. HP: 16/33 MP: 5/5
  2820 | D:4      | Reached skill level 6 in Unarmed Combat
  2875 | D:5      | Entered Level 5 of the Dungeon
  2913 | D:5      | Noticed a water moccasin
  2920 | D:5      | Killed a water moccasin
  2921 | D:5      | Reached XP level 6. HP: 27/39 MP: 6/6
  2953 | D:5      | Noticed a black bear
  2957 | D:5      | Killed a black bear
  2961 | D:5      | Reached XP level 7. HP: 16/45 MP: 7/7
  3160 | D:5      | Noticed Eustachio
  3174 | D:5      | Killed Eustachio
  3175 | D:5      | Reached skill level 5 in Shapeshifting
  3179 | D:4      | HP: 2/45 [adder (2)]
  3479 | D:5      | Splashed by a jelly's acid

Illustrated notes

Levels and vault maps discovered:
D:1:      dpeg_arrival_houses_and_road, layout_basic, basic_ecumenical_altar,
          serial_shops, nicolae_shop_hallway_stairs, minmay_liquid_box
D:2:      layout_basic, serial_shops, nicolae_shop_industrial_runoff
D:3:      layout_basic, grunt_temple_overflow_octagram, minivault_4,
          minmay_ruptured
D:4:      layout_basic
D:5:      layout_basic, minivault_27, minmay_manual_mullet, uniq_eustachio

Skill      XL: |  1  2  3  4  5  6  7 |
---------------+----------------------+-----
Unarmed Combat | 4 5 6 |  6.1
Fighting       | 2 3 |  3.0
Shapeshifting  | 4 5 |  5.0
Dodging        | 3 |  3.0

Action                     |  1- 3 |  4- 6 |  7- 9 || total
---------------------------+-------+-------+-------++-------
  Melee: Unarmed           |    70 |    66 |    18 ||   154
         Constrict         |    17 |    14 |     3 ||    34
         Tentacles         |    14 |    14 |     9 ||    37
         Punch             |       |     5 |     1 ||     6
  Throw: Javelin           |       |     2 |       ||     2
    Use: Scroll            |       |    13 |       ||    13
         Potion            |       |       |     2 ||     2
   Stab: Sleeping          |     6 |     4 |       ||    10
 Armour: Skin              |    21 |    20 |    17 ||    58
  Dodge: Dodged            |    36 |    28 |    16 ||    80

Table legend: (Time is in decaauts)
 A = Elapsed time spent in this place.
 B = Non-inter-level travel time spent in this place.
 C = Inter-level travel time spent in this place.
 D = Time resting spent in this place.
 E = Time spent auto-exploring this place.
 F = Levels seen in this place.
 G = Mean time per level.
                   A        B        C        D        E       F      G
               +--------+--------+--------+--------+--------+-----+--------+
         Total |   3467 |   3220 |    247 |    417 |   1995 |   5 |  693.4 |
       Dungeon |   3467 |   3220 |    247 |    417 |   1995 |   5 |  693.4 |
               +--------+--------+--------+--------+--------+-----+--------+

Top non-repeatable levels by time:
     D:3: 828 daAuts
     D:1: 799 daAuts
     D:4: 723 daAuts
     D:2: 642 daAuts
     D:5: 472 daAuts
